 Dungeon Crawl Stone Soup version 0.23.2-30-g0e89c35649 (webtiles) character file.

Game seed: 550737188963354147

1754 Ent the Grappler (level 8, -13/112 HPs)
             Began as a Troll Berserker on June 10, 2019.
             Was an Elder of Trog.
             Mangled by a cyan ugly thing (14 damage)
             ... on level 6 of the Dungeon.
             The game lasted 00:18:04 (4253 turns).

Ent the Grappler (Troll Berserker)                  Turns: 4253, Time: 00:18:04

Health: -13/112    AC:  7    Str: 31    XL:     8   Next: 78%
Magic:  7/7        EV: 12    Int:  3    God:    Trog [****..]
Gold:   335        SH:  0    Dex: 11    Spells: 7/7 levels left

rFire    . . .     SeeInvis .     - Unarmed
rCold    . . .     Gourm    +   (no shield)
rNeg     . . .     Faith    .   i - +0 robe
rPois    .         Spirit   .   (helmet restricted)
rElec    .         Reflect  .   h - +0 cloak
rCorr    .         Harm     .   (gloves unavailable)
MR       ++...                  (boots unavailable)
Stlth    ..........             (no amulet)
HPRegen  1.68/turn              (no ring)
MPRegen  0.10/turn              (no ring)

@: berserking, regenerating, very quick
A: large, unfitting armour, claws 3, fast metabolism 3, gourmand, regeneration
1, shaggy fur 1, tough skin 3
a: Berserk, Trog's Hand, Brothers in Arms, Renounce Religion


You were on level 6 of the Dungeon.
You worshipped Trog.
Trog was greatly pleased with you.
You were full.

You visited 1 branch of the dungeon, and saw 6 of its levels.

You collected 335 gold pieces.

Inventory:

Armour
 h - a +0 cloak (worn)
 i - a +0 robe (worn)
Jewellery
 r - a +4 ring of dexterity {unknown}
Wands
 o - a wand of flame (15)
Scrolls
 e - 5 scrolls of identify
 f - 3 scrolls of remove curse
 g - a scroll of blinking {unknown}
 j - 4 scrolls of teleportation {unknown}
 k - 4 scrolls of enchant armour {unknown}
 m - a scroll of random uselessness {unknown}
Potions
 a - a potion of curing {unknown}
 c - 3 potions of brilliance
 d - a potion of berserk rage {unknown}
 l - 3 potions of agility {unknown}
 n - a potion of flight {unknown}
 p - a potion of lignification {unknown}
Comestibles
 b - 8 rations
 q - 7 chunks of flesh


   Skills:
 + Level 3.5 Fighting
 + Level 5.1 Dodging
 + Level 9.8 Unarmed Combat


You had 7 spell levels left.
You didn't know any spells.
Your spell library was empty.

Dungeon Overview and Level Annotations

Branches:
Dungeon (6/15)
 Temple: D:4-7

Altars:
Cheibriados
Dithmenos
Hepliaklqana
Kikubaaqudgha
Makhleb
Okawaru
Ru
Zin
The Shining One

Annotations:
D:3 3 runed translucent doors, diana's ghost, amateur GrBe


Innate Abilities, Weirdness & Mutations

You are too large for most types of armour.
You have claws for hands.
Your metabolism is lightning-fast.
You like to eat raw meat.
Your natural rate of healing is unusually fast.
You are covered in fur. (AC +1)
You have extremely tough skin. (AC +3)


Message History

You scratch the cyan ugly thing.
The cyan ugly thing is heavily wounded.
The cyan ugly thing gores you! The cyan ugly thing shocks you!
The adder bites you but does no damage.
You scratch the cyan ugly thing.
The cyan ugly thing is heavily wounded.
The adder barely misses you. The cyan ugly thing closely misses you.
Your skin crawls.
You feel resistant to hostile enchantments.
You feel somewhat less full. The adder misses you.
The cyan ugly thing gores you!
* * * LOW HITPOINT WARNING * * *
The cyan ugly thing shocks you!
* * * LOW HITPOINT WARNING * * *
A red film seems to cover your vision as you go berserk!
You feel yourself moving faster!
You feel mighty! The adder closely misses you. The cyan ugly thing gores you!
* * * LOW HITPOINT WARNING * * *
The cyan ugly thing shocks you!
You die...

#..............
##....#.......#
#.#.##.#####.####
#......##.......#
###.#####.......#
#.# #.......# #.#
#.......# ##.#
#....Su.# #..#
#.....@.### #.##
#.......#.# #.#
########.# ##.##
#......##
#...######.#####>#
#..........# #.#
#...######## .#
##### . ##


You could see a cyan ugly thing and an adder.

Vanquished Creatures
  Prince Ribbit (D:5)
  Menkaure (D:4)
  A water moccasin (D:5)
  A sky beast (D:6)
  2 ogres
  A centaur (D:6)
  A bullfrog (D:3)
  3 howler monkeys
  3 crimson imps
  A centaur skeleton (D:5)
  2 jellies
  3 hounds
  2 orc priests (D:4)
  4 orc wizards
  Crazy Yiuf (D:2)
  3 iguanas
  Natasha (twice) (D:2)
  A hound skeleton (D:6)
  3 gnolls (D:6)
  7 adders
  3 worms (D:2)
  4 leopard geckos
  13 orcs
  4 bats
  7 giant cockroaches
  5 goblins
  6 hobgoblins
  8 jackals
  3 quokkas
  3 ball pythons
  A ball python zombie (D:5)
  7 frilled lizards
  A giant cockroach zombie (D:5)
  A jackal skeleton (D:5)
  6 kobolds
  13 rats
128 creatures vanquished.

Vanquished Creatures (others)
  A fungus (D:3)
  3 plants (D:3)
4 creatures vanquished.

Grand Total: 132 creatures vanquished

Notes
Turn   | Place    | Note
-------+----------+-------------------------------------------
     0 | D:1      | Ent the Troll Berserker began the quest for the Orb.
     0 | D:1      | Reached XP level 1. HP: 22/22 MP: 0/0
    78 | D:1      | You fall through a shaft!
   124 | D:2      | Reached XP level 2. HP: 24/29 MP: 1/1
   221 | D:2      | Found an iron altar of Okawaru.
   322 | D:2      | Found a runed translucent door.
   323 | D:2      | Noticed Crazy Yiuf
   366 | D:2      | Reached XP level 3. HP: 36/36 MP: 2/2
   764 | D:2      | Reached ** piety under Trog
   780 | D:2      | Reached skill level 4 in Unarmed Combat
   808 | D:2      | Noticed Natasha
   818 | D:2      | Killed Natasha
   818 | D:2      | Reached XP level 4. HP: 42/44 MP: 3/3
  1153 | D:2      | Noticed Natasha
  1171 | D:2      | Killed Natasha
  1173 | D:2      | Killed Crazy Yiuf
  1255 | D:3      | Reached XP level 5. HP: 52/52 MP: 4/4
  1437 | D:3      | Reached skill level 5 in Unarmed Combat
  1687 | D:3      | Found a burning altar of Makhleb.
  1876 | D:3      | Reached XP level 6. HP: 61/61 MP: 5/5
  1890 | D:3      | Found a runed translucent gate.
  1890 | D:3      | Found a runed translucent gate.
  1892 | D:3      | Found a runed translucent gate.
  1892 | D:3      | Noticed diana's ghost (amateur GrBe)
  2327 | D:4      | Found a glowing silver altar of Zin.
  2334 | D:4      | Found a shadowy altar of Dithmenos.
  2334 | D:4      | Found a snail-covered altar of Cheibriados.
  2334 | D:4      | Found an ancient bone altar of Kikubaaqudgha.
  2416 | D:4      | Reached skill level 6 in Unarmed Combat
  2432 | D:4      | Noticed Menkaure
  2440 | D:4      | Killed Menkaure
  2440 | D:4      | Reached XP level 7. HP: 67/67 MP: 6/6
  2590 | D:4      | Reached skill level 7 in Unarmed Combat
  2610 | D:4      | Reached *** piety under Trog
  2665 | D:4      | Found a glowing golden altar of the Shining One.
  2962 | D:5      | Entered Level 5 of the Dungeon
  3056 | D:5      | Noticed Prince Ribbit
  3072 | D:5      | Reached skill level 8 in Unarmed Combat
  3073 | D:5      | Reached XP level 8. HP: 75/75 MP: 7/7
  3077 | D:5      | Killed Prince Ribbit
  3081 | D:5      | Found a hazy altar of Hepliaklqana.
  3344 | D:5      | Found a sacrificial altar of Ru.
  3500 | D:5      | Reached skill level 9 in Unarmed Combat
  3501 | D:5      | Reached **** piety under Trog
  4065 | D:6      | Reached skill level 5 in Dodging
  4244 | D:6      | Noticed a cyan ugly thing
  4253 | D:6      | HP: 1/112 [cyan ugly thing (11)]
  4253 | D:6      | Mangled by a cyan ugly thing

Skill      XL: |  1  2  3  4  5  6  7  8 |
---------------+-------------------------+-----
Dodging        | 3 4 5 |  5.1
Unarmed Combat | 4 5 6 8 9 |  9.8
Fighting       | 3 |  3.5

Action                   |  1- 3 |  4- 6 |  7- 9 || total
-------------------------+-------+-------+-------++-------
Melee: Unarmed           |   102 |   108 |   184 ||   394
       Punch             |       |       |     4 ||     4
Invok: Berserk           |       |     1 |     3 ||     4
       Trog's Hand       |       |     1 |     1 ||     2
  Use: Scroll            |       |       |     3 ||     3
 Stab: Sleeping          |     1 |     2 |     1 ||     4
       Paralysed         |       |       |     1 ||     1
  Eat: Chunk             |    13 |    15 |    18 ||    46
Armor: Animal skin       |    29 |    40 |       ||    69
       Robe              |       |    11 |    65 ||    76
Dodge: Dodged            |    48 |    57 |   107 ||   212
